 Dungeon Crawl Stone Soup version 0.29-a0-872-g797fff5ad1 (webtiles) character file.

Game seed: 1384856220643542308

228 Legadrian the Slasher (level 6, -6/47 HPs)
             Began as a Human Fighter on July 18, 2022.
             Mangled by an iguana (12 damage)
             ... on level 3 of the Dungeon.
             The game lasted 00:19:41 (3048 turns).

Legadrian the Slasher (Human Fighter)               Turns: 3048, Time: 00:19:42

Health: -6/47      AC:  6    Str: 18    XL:     6   Next: 23%
Magic:  6/6        EV:  9    Int:  9    God:
Gold:   255        SH:  4    Dex: 12    Spells: 5/5 levels left

rFire   . . .      SeeInvis .   a - +0 long sword
rCold   . . .      Faith    .   c - +0 buckler
rNeg    . . .      Spirit   .   b - +0 scale mail
rPois   .          Reflect  .   (no helmet)
rElec   .          Harm     .   (no cloak)
rCorr   .          Rampage  .   (no gloves)
Will    .....                   (no boots)
Stlth   ..........              (no amulet)
HPRegen 0.15/turn               o - ring of wizardry
MPRegen 0.10/turn               (no ring)

@: no status effects
A: no striking features
a: no special abilities


You were on level 3 of the Dungeon.
You visited 1 branch of the dungeon, and saw 3 of its levels.
You also visited: Sewer.

You collected 255 gold pieces.

Inventory:

Hand Weapons
 a - a +0 long sword (weapon)
Missiles
 f - 17 stones (quivered)
 i - 4 poisoned darts
Armour
 b - a +0 scale mail (worn)
 c - a +0 buckler (worn)
 h - a +0 leather armour
Jewellery
 o - a ring of wizardry (left hand)
Scrolls
 e - 2 scrolls of poison
 g - a scroll of teleportation
Potions
 d - a potion of might
 k - 4 potions of haste


   Skills:
 - Level 3.1 Fighting
 + Level 6.0 Long Blades
 - Level 3.0 Armour
 - Level 3.0 Shields


You had 5 spell levels left.
You didn't know any spells.
Your spell library contained the following spells:

 Spells                   Type           Power      Damage    Failure   Level
 Frozen Ramparts          Ice            0%         1d2       86%         3
 Ignite Poison            Fire/Tmut/Pois 0%         N/A       86%         3
 Mephitic Cloud           Conj/Pois/Air  0%         N/A       86%         3
 Ice Form                 Ice/Tmut       0%         N/A       99%         4
 Summon Ice Beast         Ice/Summ       0%         N/A       99%         4
 Freezing Cloud           Conj/Ice/Air   0%         6-21      100%        5


Dungeon Overview and Level Annotations

Branches:
Dungeon (3/15)              Sewer (visited)

Altars:
Dithmenos


Message History

The iguana barely misses you.
You closely miss the iguana. The iguana bites you.
You slash the iguana!
The iguana is heavily wounded.
The iguana hisses menacingly.
The iguana bites you!
You hit the iguana but do no damage.
The iguana is heavily wounded.
The iguana bites you but does no damage.
You closely miss the iguana.
The iguana is heavily wounded.
The iguana barely misses you.
You closely miss the iguana.
The iguana is heavily wounded.
The iguana bites you!
You hit the iguana.
The iguana is heavily wounded.
You block the iguana's attack.
You hit the iguana.
The iguana is almost dead.
You block the iguana's attack.
You barely miss the iguana.
The iguana is almost dead.
You block the iguana's attack.
You closely miss the iguana.
The iguana is almost dead.
The iguana bites you!
The iguana bites you but does no damage.
You hit the iguana but do no damage.
The iguana is severely wounded.
The iguana bites you!
* * * LOW HITPOINT WARNING * * *
You completely miss the iguana.
The iguana is severely wounded.
The iguana bites you.
* * * LOW HITPOINT WARNING * * *
You hit the iguana but do no damage.
The iguana is severely wounded.
The iguana bites you!
You die...

....# ....# ....#
##### ..# ..# ..#
######################
.........#......@l...#
########.#.#########.#
...#.....#.....#
##.#.#########.#
...#....†......#
################
###########.##.#
............##.#
##############.#


You could see an iguana.

Vanquished Creatures
  A water moccasin (Sewer)
  A jelly (D:3)
  2 adders
  5 worms
  3 dart slugs
  An orc (D:3)
  8 bats
  2 endoplasms
  3 giant cockroaches
  5 goblins
  7 hobgoblins
  A quokka (D:1)
  5 ball pythons
  4 frilled lizards
  2 kobolds
  5 rats
55 creatures vanquished.

Notes
Turn   | Place    | Note
-------+----------+-------------------------------------------
     0 | D:1      | Legadrian the Human Fighter began the quest for the Orb.
     0 | D:1      | Reached XP level 1. HP: 18/18 MP: 1/1
    99 | D:1      | Reached XP level 2. HP: 24/24 MP: 2/2
   423 | D:1      | Reached skill level 3 in Long Blades
   458 | D:1      | Reached XP level 3. HP: 29/29 MP: 3/3
  1200 | D:2      | Reached XP level 4. HP: 35/35 MP: 4/4
  1229 | D:2      | Found a faded altar of an unknown god.
  1253 | D:2      | Reached skill level 4 in Long Blades
  2009 | D:3      | Found a shadowy altar of Dithmenos.
  2100 | D:3      | Reached XP level 5. HP: 26/41 MP: 5/5
  2188 | D:3      | Found a glowing drain.
  2192 | Sewer    | Entered a sewer
  2264 | Sewer    | Noticed a water moccasin
  2271 | Sewer    | Killed a water moccasin
  2272 | Sewer    | Reached skill level 5 in Long Blades
  2272 | Sewer    | Reached XP level 6. HP: 17/47 MP: 6/6
  2757 | D:3      | Reached skill level 6 in Long Blades
  3048 | D:3      | Mangled by an iguana

Illustrated notes

Levels and vault maps discovered:
D:1:      minmay_arrival_solitary_statue, layout_basic, nicolae_wormholes
D:2:      layout_rooms, shapermc_ecumenical_altar_totnotflames,
          minmay_misc_feat_hallway
D:3:      layout_basic, mainiacjoe_overflow_concentric_impassable,
          gup_sewer_entry_bowl, roderic_serpentine_path

Skill      XL: |  1  2  3  4  5  6 |
---------------+-------------------+-----
Long Blades    | 3 4 5 6 |  6.0
Fighting       | |  3.1
Armour         | |  3.0
Shields        | |  3.0

Action                   |  1- 3 |  4- 6 || total
-------------------------+-------+-------++-------
Melee: Long sword        |    89 |    96 ||   185
Throw: Stone             |     3 |       ||     3
  Use: Scroll            |     5 |     1 ||     6
       Potion            |     1 |     4 ||     5
Armor: Scale mail        |    36 |    31 ||    67
Dodge: Dodged            |    21 |    30 ||    51
Block: Buckler           |    16 |    18 ||    34

Table legend: (Time is in decaauts)
 A = Elapsed time spent in this place.
 B = Non-inter-level travel time spent in this place.
 C = Inter-level travel time spent in this place.
 D = Time resting spent in this place.
 E = Time spent auto-exploring this place.
 F = Levels seen in this place.
 G = Mean time per level.
                   A        B        C        D        E       F      G
               +--------+--------+--------+--------+--------+-----+--------+
         Total |   3085 |   2887 |    198 |      0 |   2346 |   4 |  771.2 |
       Dungeon |   2760 |   2562 |    198 |      0 |   2078 |   3 |  920.0 |
         Sewer |    325 |    325 |      0 |      0 |    268 |   1 |  325.0 |
               +--------+--------+--------+--------+--------+-----+--------+

Top non-repeatable levels by time:
     D:2: 1168 daAuts
     D:1: 860 daAuts
     D:3: 731 daAuts
   Sewer: 325 daAuts
